 Dungeon Crawl Stone Soup version 0.30-a0-570-g486de37d69 (webtiles) character file.

Game seed: 16495001178939156449

33 tilp the Shield-Bearer (level 3, 0/29 (31) HPs)
             Began as a Meteoran Fighter on Dec 29, 2022.
             Slain by a hobgoblin (4 damage)
             ... led by Robin
             ... on level 3 of the Dungeon.
             The game lasted 00:02:11 (299 turns).

tilp the Shield-Bearer (Meteoran Fighter)            Turns: 299, Time: 00:02:11

HP:   0/29 (31)     AC:  7    Str: 17    XL:     3   Next: 70%
MP:   4/4           EV:  9    Int: 10    God:
Gold: 70            SH: 10    Dex: 15    Spells: 2/2 levels left

rFire   . . .      SeeInvis .    a - +0 long sword
rCold   . . .      Faith    .    c - +0 buckler
rNeg    . . .      Spirit   .    k - +0 scale mail
rPois   .          Reflect  +    (no helmet)
rElec   .          Harm     .    (no cloak)
rCorr   .          Rampage  .    (no gloves)
Will    .....                    (no boots) Stlth
                                 e - amulet of reflection
HPRegen 0.24/turn                (no ring)
MPRegen 0.09/turn                (no ring)

@: mighty, glowing, drained
A: sense surroundings 1, otherworldly, glowing, explore regen
a: no special abilities


You were on level 3 of the Dungeon.
You visited 1 branch of the dungeon, and saw 3 of its levels.

You collected 70 gold pieces.

Inventory:

Hand Weapons
 a - a +0 long sword (weapon)
 b - a +0 rapier
Missiles
 f - 9 stones (quivered)
Armour
 c - a +0 buckler (worn)
 k - a +0 scale mail (worn)
Jewellery
 e - an amulet of reflection (around neck)
Scrolls
 h - a scroll of teleportation {unknown}
 i - a scroll of enchant weapon {unknown}
 j - a scroll of brand weapon {unknown}
Potions
 g - a potion of berserk rage {unknown}


   Skills:
 + Level 3.5 Fighting
 + Level 2.7 Long Blades
 + Level 3.8 Armour
 * Level 1.7 Dodging
 + Level 0.6 Stealth
 + Level 3.9 Shields


You had 2 spell levels left.
You didn't know any spells.
Your spell library was empty.

Dungeon Overview and Level Annotations

Branches:
Dungeon (3/15) Zot: 1479

Altars:
Ashenzari
Elyvilon


Innate Abilities, Weirdness & Mutations

You passively map a small area around you.
You are easily found by Zot.
You glow in the dark.
You regain HP and MP as you explore.


Message History

You block the hobgoblin's attack. The goblin misses you.
The hobgoblin hits you but does no damage.
Unknown command.
You barely miss the goblin.
The hobgoblin hits you but does no damage.
You block the goblin's attack. You block the hobgoblin's attack.
The goblin hits you with a +0 dagger.
* * * LOW HITPOINT WARNING * * *
The goblin completely misses you.
You hit the goblin.
You kill the goblin!
You block the goblin's attack. The hobgoblin closely misses you.
You block the goblin's attack. You block the hobgoblin's attack.
You block the goblin's attack. You block the hobgoblin's attack.
The hobgoblin barely misses you.
The goblin hits you with a +2 dagger of draining.
* * * LOW HITPOINT WARNING * * *
You feel drained.
* * * LOW HITPOINT WARNING * * *
Unknown command.
You closely miss the goblin. The goblin barely misses you.
The hobgoblin hits you.
* * * LOW HITPOINT WARNING * * *
You block the hobgoblin's attack. The goblin barely misses you.
Unknown command.
The hobgoblin attacks as you move away!
The hobgoblin hits you but does no damage.
The goblin no longer looks unusually strong. x2
The goblin hits you but does no damage.
You see here a +0 dagger.
Unknown command.
You closely miss the hobgoblin.
The hobgoblin no longer looks unusually strong.
You block the goblin's attack.
The hobgoblin hits you but does no damage.
You block the goblin's attack.
Unknown command.
You barely miss the hobgoblin. You block the goblin's attack.
You block the hobgoblin's attack. The hobgoblin hits you.
You die...

#.....#.... ,.....#...
#.....##..##+##..##...
#......#..#...#..#....
#......##.#._.#.##....
#.......###...###.....
#.......^.#####.......
#.........).....#####.
#..)ggg........## #.†.
#..)g@....##.### #)).
#.........##..# #.). *
#...........###..#
#... ......########
#.# #... ...... ****
.?...... *, ...... , ,
* ##...... ...... , *
,....... ..., .......
, ,..###.


You could see 2 hobgoblins and 2 goblins.

Vanquished Creatures
  Robin (D:3)
  A worm (D:2)
  8 goblins
  4 hobgoblins
  A quokka (D:1)
  A frilled lizard (D:2)
  2 rats
18 creatures vanquished.

Vanquished Creatures (others)
  18 fungi (D:3)
18 creatures vanquished.

Grand Total: 36 creatures vanquished

Notes
Turn   | Place    | Note
-------+----------+-------------------------------------------
     0 | D:1      | tilp the Meteoran Fighter began the quest for the Orb.
     0 | D:1      | Reached XP level 1. HP: 19/19 MP: 2/2
   108 | D:1      | Reached XP level 2. HP: 26/26 MP: 3/3
   161 | D:2      | Reached skill level 1 in Dodging
   198 | D:3      | Found a white marble altar of Elyvilon.
   232 | D:3      | Found a broken altar of Ashenzari.
   267 | D:3      | Reached XP level 3. HP: 23/31 MP: 4/4
   281 | D:3      | Noticed Robin
   291 | D:3      | Killed Robin
   299 | D:3      | Slain by a hobgoblin

Illustrated notes

Levels and vault maps discovered:
D:1:      spicycebolla_green_bress_n_ham_2, layout_basic
D:2:      layout_loops_ring
D:3:      layout_basic, mainiacjoe_overflow_cross_hatched,
          nicolae_ashenzari_skybound, shapermc_ecumenical_altar_gd, uniq_robin,
          uniq_sigmund, uniq_grinder

Skill      XL: |  1  2 |
---------------+-------+-----
Dodging        | 1 |  1.7
Fighting       | |  3.5
Long Blades    | |  2.7
Armour         | |  3.8
Stealth        | |  0.6
Shields        | |  3.9

Action                   || total
-------------------------++-------
Melee: Long sword        ||    67
Throw: Stone             ||     6
  Use: Potion            ||     1
Armor: Scale mail        ||    37
Dodge: Dodged            ||    29
Block: Buckler           ||    51
       Reflection        ||     2

Table legend: (Time is in decaauts)
 A = Elapsed time spent in this place.
 B = Non-inter-level travel time spent in this place.
 C = Inter-level travel time spent in this place.
 D = Time resting spent in this place.
 E = Time spent auto-exploring this place.
 F = Levels seen in this place.
 G = Mean time per level.
                   A        B        C        D        E       F      G
               +--------+--------+--------+--------+--------+-----+--------+
         Total |    319 |    319 |      0 |      4 |      0 |   3 |  106.3 |
       Dungeon |    319 |    319 |      0 |      4 |      0 |   3 |  106.3 |
               +--------+--------+--------+--------+--------+-----+--------+

Top non-repeatable levels by time:
     D:1: 149 daAuts
     D:3: 121 daAuts
     D:2: 49 daAuts
